 Dungeon Crawl Stone Soup version 0.29.0-5-ge4962eb29e (webtiles) character file.

Game seed: 15609479653650956782

74 themarg the Prestidigitator (level 4, -4/34 HPs)
             Began as a Gnoll Wanderer on Aug 29, 2022.
             Slain by a gnoll
             ... wielding a +0 whip
              (7 damage)
             ... on level 2 of the Dungeon.
             The game lasted 00:05:54 (2472 turns).

themarg the Prestidigitator (Gnoll Wanderer)        Turns: 2472, Time: 00:05:54

Health: -4/34      AC:  3    Str: 13    XL:     4   Next: 28%
Magic:  4/8        EV: 11    Int: 13    God:
Gold:   47         SH:  0    Dex: 10    Spells: 8/9 levels left

rFire   . . .      SeeInvis .   q - +0 trident
rCold   . . .      Faith    .   (no shield)
rNeg    . . .      Spirit   .   d - +0 robe
rPois   .          Reflect  .   (no helmet)
rElec   .          Harm     .   (no cloak)
rCorr   .          Rampage  .   p - +0 pair of gloves
Will    .....                   (no boots)
Stlth   +.........              (no amulet)
HPRegen 0.11/turn               (no ring)
MPRegen 0.11/turn               (no ring)

@: no status effects
A: fangs 1, strong nose, distributed training
a: no special abilities


You were on level 2 of the Dungeon.
You visited 1 branch of the dungeon, and saw 2 of its levels.

You collected 47 gold pieces.

Inventory:

Hand Weapons
 k - a +0 short sword
 q - a +0 trident (weapon)
Missiles
 g - 5 curare-tipped darts
 h - 6 poisoned darts
 j - 2 atropa-tipped darts
Armour
 b - a +0 buckler
 d - a +0 robe (worn)
 m - a +0 leather armour
 p - a +0 pair of gloves (worn)
Wands
 e - a wand of roots (3)
Scrolls
 c - a scroll of vulnerability
 i - a scroll of enchant armour {unknown}
 n - 2 scrolls of blinking {unknown}
 o - 3 scrolls of magic mapping {unknown}
Potions
 a - a potion of mutation {unknown}
 f - a potion of attraction {unknown}
 l - a potion of curing {unknown}
 r - a potion of magic {unknown}


   Skills:
 + Level 2.7 Fighting
 + Level 1.1 Short Blades
 + Level 1.1 Long Blades
 + Level 1.1 Axes
 + Level 1.1 Maces & Flails
 + Level 1.1 Polearms
 + Level 1.1 Staves
 + Level 1.1 Ranged Weapons
 + Level 1.1 Throwing
 + Level 1.1 Armour
 + Level 1.1 Dodging
 + Level 1.1 Stealth
 + Level 2.7 Shields
 + Level 1.1 Unarmed Combat
 + Level 3.0 Spellcasting
 + Level 0.9 Conjurations
 + Level 0.9 Hexes
 + Level 0.9 Summonings
 + Level 0.9 Necromancy
 + Level 0.9 Translocations
 + Level 0.9 Transmutations
 + Level 0.9 Fire Magic
 + Level 0.9 Ice Magic
 + Level 0.9 Air Magic
 + Level 3.8 Earth Magic
 + Level 0.9 Poison Magic
 + Level 1.2 Invocations
 + Level 10.4 Evocations


You had 8 spell levels left.
You knew the following spells:

 Your Spells              Type           Power      Damage    Failure   Level
a - Sandblast             Erth           24%        2d8       4%          1

Your spell library contained the following spells:

 Spells                   Type           Power      Damage    Failure   Level
 Stone Arrow              Conj/Erth      16%        3d8       26%         3


Dungeon Overview and Level Annotations

Branches:
Dungeon (2/15)

Altars:


Innate Abilities, Weirdness & Mutations

You have very sharp teeth.
Your uncanny sense of smell can sniff out nearby items.
Your experience applies equally to all skills.


Message History

You kill the adder!
A gnoll comes into view. It is wielding a +0 whip.
Casting: Sandblast (safe; 4% risk of failure)
Confirm with . or Enter, or press ? or * to list all spells.
Aiming: Sandblast (safe; 4% risk of failure)
Press: ? - help, Shift-Dir - straight line, f - gnoll
Aim: a gnoll, wielding a +0 whip (wandering, hasn't noticed you, 84% to hit)
The blast of sand hits the gnoll!
The gnoll is heavily wounded.
The gnoll shouts!
You hear a shout! x2
Casting: Sandblast (safe; 4% risk of failure)
Confirm with . or Enter, or press ? or * to list all spells.
Aiming: Sandblast (safe; 4% risk of failure)
Press: ? - help, Shift-Dir - straight line, f/p - gnoll
Aim: a gnoll, wielding a +0 whip (heavily wounded, 84% to hit)
The blast of sand misses the gnoll.
The blast of sand hits the gnoll.
The gnoll is moderately wounded.
The gnoll closely misses you.
You hit the gnoll.
The gnoll is heavily wounded.
The gnoll hits you from afar with a +0 spear.
The gnoll closely misses you. The gnoll attacks as you move away!
The gnoll barely misses you.
A gnoll comes into view. It is wielding a +0 spear.
The gnoll shouts!
You barely miss the gnoll.
The gnoll is heavily wounded.
The gnoll hits you with a +0 whip.
You hit the gnoll.
The gnoll is severely wounded.
The gnoll hits you from afar with a +0 spear.
The gnoll barely misses you. The gnoll hits you with a +0 whip.
The gnoll hits you from afar with a +0 spear.
The gnoll attacks as you move away! The gnoll hits you with a +0 whip.
* * * LOW HITPOINT WARNING * * *
There is a stone staircase leading up here.
The gnoll hits you from afar with a +0 spear!
* * * LOW HITPOINT WARNING * * *
The gnoll hits you with a +0 whip!
You die...

..........##.##
.###..##.g....##########...
#. #.####..........#... ..
#.###............... ..
#.##..............# .
#.##.g............#
#....g............#
####.g............###
#.@...............
#.............###
#..........<.##
...###.######## ### #.# #..
## ∆


You could see 3 gnolls.

Vanquished Creatures
  A gnoll (D:1)
  2 adders (D:2)
  A worm (D:1)
  2 dart slugs (D:1)
  3 ball pythons (D:1)
  4 endoplasms (D:1)
  4 giant cockroaches (D:1)
  2 goblins (D:1)
  5 hobgoblins
  A quokka (D:1)
  6 bats (D:1)
  A frilled lizard (D:1)
  A kobold (D:1)
  3 rats (D:1)
36 creatures vanquished.

Notes
Turn   | Place    | Note
-------+----------+-------------------------------------------
     0 | D:1      | Reached skill level 10 in Evocations
     0 | D:1      | themarg the Gnoll Wanderer began the quest for the Orb.
     0 | D:1      | themarg set off with the following items: a +0 club, a +0
                  | buckler, a scroll of vulnerability, a +0 robe, a wand of
                  | roots (3); and the following spell memorised: Sandblast;
                  | and the following spells available to memorise: Stone
                  | Arrow.
     0 | D:1      | Reached XP level 1. HP: 17/17 MP: 4/4
   202 | D:1      | Reached XP level 2. HP: 23/23 MP: 3/5
  1240 | D:1      | Reached XP level 3. HP: 28/28 MP: 5/7
  1346 | D:1      | Found a faded altar of an unknown god.
  1428 | D:1      | Reached skill level 1 in Invocations
  1870 | D:1      | Reached skill level 1 in Short Blades
  1870 | D:1      | Reached skill level 1 in Long Blades
  1870 | D:1      | Reached skill level 1 in Axes
  1870 | D:1      | Reached skill level 1 in Maces & Flails
  1870 | D:1      | Reached skill level 1 in Polearms
  1870 | D:1      | Reached skill level 1 in Staves
  1870 | D:1      | Reached skill level 1 in Ranged Weapons
  1870 | D:1      | Reached skill level 1 in Throwing
  1870 | D:1      | Reached skill level 1 in Armour
  1870 | D:1      | Reached skill level 1 in Dodging
  1870 | D:1      | Reached skill level 1 in Stealth
  1870 | D:1      | Reached skill level 1 in Unarmed Combat
  2152 | D:2      | Reached XP level 4. HP: 29/34 MP: 5/8
  2472 | D:2      | Slain by a gnoll

Illustrated notes

Levels and vault maps discovered:
D:1:      dpeg_arrival_tiny_i, layout_basic, basic_ecumenical_altar
D:2:      layout_rooms, basic_altar, minmay_pentomino_pile

Skill      XL: |  1  2  3  4 |
---------------+-------------+-----
Evocations     | | 10.4
Invocations    | 1 |  1.2
Short Blades   | 1 |  1.1
Long Blades    | 1 |  1.1
Axes           | 1 |  1.1
Maces & Flails | 1 |  1.1
Polearms       | 1 |  1.1
Staves         | 1 |  1.1
Ranged Weapons | 1 |  1.1
Throwing       | 1 |  1.1
Armour         | 1 |  1.1
Dodging        | 1 |  1.1
Stealth        | 1 |  1.1
Unarmed Combat | 1 |  1.1
Spellcasting   | 3 |  3.0
Fighting       | |  2.7
Shields        | |  2.7
Conjurations   | |  0.9
Hexes          | |  0.9
Summonings     | |  0.9
Necromancy     | |  0.9
Translocations | |  0.9
Transmutations | |  0.9
Fire Magic     | |  0.9
Ice Magic      | |  0.9
Air Magic      | |  0.9
Earth Magic    | |  3.8
Poison Magic   | |  0.9

Action                   |  1- 3 |  4- 6 || total
-------------------------+-------+-------++-------
Melee: Club              |    35 |       ||    35
       Bite              |     5 |     3 ||     8
       Punch             |     1 |       ||     1
       Short sword       |    22 |    18 ||    40
       Trident           |       |     8 ||     8
 Cast: Sandblast         |    37 |     7 ||    44
Armor: Robe              |    14 |     6 ||    20
Dodge: Dodged            |    48 |    12 ||    60
